[Event "Festival Szmetan-Giardelli 2018"]
[Site "Buenos Aires"]
[Date "2018.12.06"]
[Round "2"]
[White "Darcyl, Tomas"]
[Black "Granda Zuniga, Julio E"]
[Result "1/2-1/2"]
[ECO "A07"]
[WhiteElo "2366"]
[BlackElo "2650"]
[Annotator "RC"]
[PlyCount "47"]
[EventDate "2018.12.04"]
[EventType "tourn"]
[EventCountry "ARG"]
[SourceTitle "playchess.com"]
[Source "ChessBase"]
[SourceQuality "1"]
[TimeControl "40/5400+30:1800+30"]

1. Nf3 d5 2. g3 c6 3. Bg2 Bg4 4. O-O Nd7 5. d3 e5 6. e4 dxe4 7. dxe4 f6 8. Qe2 Bc5 9. a4 a5 10. Na3 Ne7 11. Rd1 Nc8 12. Nc4 O-O 13. Ne3 Be6 14. Qf1 Ncb6 15. Bh3 Bf7 16. Bf5 g6 17. Bxd7 Nxd7 18. Qh3 Be8 19. Qe6+ Kh8 20. Nxe5 fxe5 21. Rxd7 Qxd7 22. Qxe5+ Kg8 23. Qxc5 Kh8 24. Ng4 1/2-1/2

[Event "Festival Szmetan-Giardelli 2018"]
[Site "Buenos Aires"]
[Date "2018.12.09"]
[Round "6"]
[White "Bacallao Alonso, Yusnel"]
[Black "Iturrizaga Bonelli, Eduardo"]
[Result "1/2-1/2"]
[ECO "B19"]
[WhiteElo "2582"]
[BlackElo "2628"]
[Annotator "ChessBase"]
[PlyCount "34"]
[EventDate "2018.12.04"]
[EventType "tourn"]
[EventCountry "ARG"]
[SourceTitle "playchess.com"]
[Source "ChessBase"]
[SourceQuality "1"]
[TimeControl "40/5400+30:1800+30"]

1. e4 c6 2. d4 d5 3. Nc3 dxe4 4. Nxe4 Bf5 5. Ng3 Bg6 6. h4 h6 7. Nf3 Nd7 8. h5 Bh7 9. Bd3 Bxd3 10. Qxd3 e6 11. Bd2 Ngf6 12. O-O-O Be7 13. Ne4 Nxe4 14. Qxe4 Nf6 15. Qe2 Qd5 16. Kb1 Qe4 17. Qxe4 Nxe4 1/2-1/2

[Event "Festival Szmetan-Giardelli 2018"]
[Site "Buenos Aires"]
[Date "2018.12.09"]
[Round "6"]
[White "Slipak, Sergio"]
[Black "Granda Zuniga, Julio E"]
[Result "1/2-1/2"]
[ECO "E21"]
[WhiteElo "2421"]
[BlackElo "2650"]
[Annotator "RC"]
[PlyCount "31"]
[EventDate "2018.12.04"]
[EventType "tourn"]
[EventCountry "ARG"]
[SourceTitle "playchess.com"]
[Source "ChessBase"]
[SourceQuality "1"]
[TimeControl "40/5400+30:1800+30"]

1. d4 Nf6 2. c4 e6 3. Nc3 Bb4 4. Bd2 O-O 5. Nf3 d6 6. a3 Bxc3 7. Bxc3 Ne4 8. Rc1 b6 9. g3 Bb7 10. Bg2 Nd7 11. O-O Qe7 12. b4 Nxc3 13. Rxc3 a5 14. Qc2 Nf6 15. Nd2 Bxg2 16. Kxg2 1/2-1/2